AoeStats
← AloneArcher

Black Forest

510810372Analyzed
3v3 RM · 5h ago on Oct 2, 2026· 18m 14s· 6 players
Game mode
Random Map
Map size
Normal (6 player)
Population
200
Speed
Normal
Resources
Standard
Victory
Conquest
Starting age
Dark Age
Ending age
Imperial Age
RankedLock teamsTeams togetherTeam positionsShared explorationLock speedFull tech treeHidden civsTurbo modeCheats
Victory
Defeat
🇹🇷 Italians · Türkiye
874
+12
🇹🇷 Vikings · Türkiye
860
+13
🇺🇸 Chinese · United States
851
+13
🇹🇷 Inca · Türkiye
804
-12
🇸🇮 Dravidians · Slovenia
787
-13
🇲🇽 Spanish · Mexico
783
-13
AloneArcher
0:47 Loom
13:27 Feudal Age
14:45 Horse Collar
15:13 Double-Bit Axe
15:40 Gold Mining
18:15 Castle Age
16:14 Stone Mining
sestan.milanmilan
0:30 Loom
11:24 Feudal Age
12:49 Wheelbarrow
12:03 Double-Bit Axe
15:29 Gold Mining
16:01 Stone Mining
j.quintero_1988
1:21 Loom
12:22 Feudal Age
12:49 Horse Collar
13:13 Double-Bit Axe
14:31 Fishing Lines
16:49 Wheelbarrow
19:41 Castle Age
moNKey616567
12:53 Feudal Age
18:50 Castle Age
18:16 Double-Bit Axe
GoldPennis61
0:32 Loom
11:38 Feudal Age
12:41 Man-at-Arms
13:12 Arson
13:27 Arson
14:35 Scale Mail Armor
14:52 Forging
Liebelle
11:28 Feudal Age
13:01 Double-Bit Axe
13:48 Padded Archer Armor
13:43 Fletching
Connection lost

Rejoining the realm…

Still unreachable

The connection could not be restored.

Session expired

The server has moved on; the page needs a fresh start.